 Dungeon Crawl Stone Soup version 0.28-a0-883-gc8d7bad45d (webtiles) character file.

Game seed: 909253729103245715

1966 porpoise the Thaumaturge (level 9, 0/50 HPs)
             Began as a Deep Elf Conjurer on Nov 22, 2021.
             Engulfed by a steam dragon's steam (13 damage)
             ... on level 6 of the Dungeon.
             The game lasted 00:22:13 (5912 turns).

porpoise the Thaumaturge (Deep Elf Conjurer)        Turns: 5912, Time: 00:22:13

Health: 0/50       AC:  4    Str:  6    XL:     9   Next: 0%
Magic:  12/24      EV: 12    Int: 30    God:
Gold:   180        SH:  0    Dex: 13    Spells: 15/26 levels left

rFire   . . .      SeeInvis .   b - +0 hunting sling
rCold   . . .      Faith    .   (no shield)
rNeg    . . .      Spirit   .   w - +0 robe of Pysuitex {rElec Int+5}
rPois   .          Reflect  .   v - +0 helmet
rElec   +          Harm     .   A - scarf {+Inv}
rCorr   .          Rampage  .   (no gloves)
Will    .....                   i - +0 pair of boots
Stlth   ++........              (no amulet)
HPRegen 0.16/turn               (no ring)
MPRegen 0.19/turn               (no ring)

@: no status effects
A: no striking features
a: Evoke Invisibility


You were on level 6 of the Dungeon.
You visited 1 branch of the dungeon, and saw 6 of its levels.

You collected 240 gold pieces.
You spent 60 gold pieces at shops.

Inventory:

Hand Weapons
 a - a +0 short sword
 b - a +0 hunting sling (weapon)
 C - the +7 Singing Sword {vorpal, sonic wave}
   (You found it on level 5 of the Dungeon)

   It inflicts extra damage upon your enemies.
   It radiates damaging sonic waves as it strikes, especially in combat
   involving dangerous or numerous foes.
Missiles
 g - 216 stones
 h - 74 sling bullets (quivered ammo)
 t - 5 javelins
Armour
 c - a +0 cloak
 i - a +0 pair of boots (worn)
 l - a +0 leather armour of poison resistance
 v - a +0 helmet (worn)
 w - the +0 robe of Pysuitex (worn) {rElec Int+5}
   (You found it on level 5 of the Dungeon)

   Int:       It affects your intelligence (+5).
   rElec:     It insulates you from electricity.
 A - a scarf of invisibility (worn)
 D - a +0 kite shield
Jewellery
 n - a ring of resist corrosion
Wands
 f - a wand of flame (26)
 u - a wand of mindburst (10)
Scrolls
 d - 4 scrolls of identify
 j - 2 scrolls of teleportation
 k - a scroll of acquirement {unknown}
 o - a scroll of blinking {unknown}
 p - 2 scrolls of summoning
 r - a scroll of fog
 s - a scroll of magic mapping {unknown}
 x - a scroll of amnesia {unknown}
 y - a scroll of immolation {unknown}
Potions
 e - 2 potions of resistance
 m - a potion of ambrosia
 q - a potion of cancellation
 z - 3 potions of curing
 B - a potion of attraction


   Skills:
 + Level 3.0 Fighting
 - Level 2.4 Dodging
 - Level 2.4 Stealth
 + Level 9.2 Spellcasting
 - Level 7.0 Conjurations
 - Level 7.0 Hexes
 - Level 5.0 Translocations


You had 15 spell levels left.
You knew the following spells:

 Your Spells              Type           Power      Damage    Failure   Level
a - Magic Dart            Conj           100%       1d8       1%          1
b - Searing Ray           Conj           100%       2d8       1%          2
c - Fulminant Prism       Conj/Hex       27%        3d14      2%          4
d - Iskenderun's Mystic   Conj/Tloc      49%        2d11      3%          4

Your spell library contained the following spells:

 Spells                   Type           Power      Damage    Failure   Level
 Dazzling Flash           Conj/Hex       100%       N/A       1%          3
 Conjure Flame            Conj/Fire      34%        6-21      2%          3
 Mephitic Cloud           Conj/Pois/Air  27%        N/A       4%          3
 Call Imp                 Summ           13%        N/A       6%          2
 Sticky Flame             Conj/Fire      34%        2d5       9%          4
 Ignite Poison            Fire/Tmut/Pois 13%        N/A       12%         3
 Ozocubu's Armour         Ice            13%        N/A       12%         3
 Ozocubu's Refrigeration  Ice            6%         4d6       100%        7


Dungeon Overview and Level Annotations

Branches:
Dungeon (6/15)
 Temple: D:4-7

Altars:
Makhleb

Shops:
D:4 ==?(

Annotations:
D:1 exclusion: downstairs
D:2 1 exclusion, Sigmund
D:4 Dowan


Message History

Confirm with . or Enter, or press ? or * to list all spells.
Aiming: Fulminant Prism (dangerous; 2% risk of failure)
Press: ? - help, Dir - move target You conjure a prism of explosive energy!
A fulminant prism comes into view.
The steam dragon hisses angrily.
The steam dragon breathes steam at you. The ball of steam hits you!
Your fulminant prism crackles loudly.
You hear a shout! x3
Your fulminant prism explodes!
The blast of energy engulfs the steam dragon!
The steam dragon is moderately wounded.
Casting: Fulminant Prism (dangerous; 2% risk of failure)
Confirm with . or Enter, or press ? or * to list all spells.
You erupt in a blast of force!
The mystic blast hits the steam dragon.
The steam dragon is moderately wounded.
The steam dragon is knocked back by the mystic blast.
Unknown command.
There is a stone staircase leading down here.
Casting: Iskenderun's Mystic Blast (dangerous; 3% risk of failure)
Confirm with . or Enter, or press ? or * to list all spells.
You can't see any susceptible monsters within range! (Use Z to cast anyway.)
Casting: Iskenderun's Mystic Blast (dangerous; 3% risk of failure)
Confirm with . or Enter, or press ? or * to list all spells.
Aiming: Searing Ray (safe; 1% risk of failure)
Press: ? - help, Shift-Dir - straight line (Press . to maintain the ray.) Unknown command.
The searing ray misses the steam dragon.
The steam dragon hisses angrily.
The searing ray misses the steam dragon.
The steam dragon breathes steam at you. The ball of steam hits you!!
* * * LOW HITPOINT WARNING * * *
The searing ray hits the steam dragon!
The steam dragon is almost dead.
You finish channelling your searing ray.
You are engulfed in a cloud of scalding steam.
You die...

####
...####################
...'..........§§@§D.(.#
...################........
##.# ....#.### #.# .###.# #
##'### #. ... .....# . ....
.....# .. ...# .....# ..
...# ##'###


You could see a steam dragon (catching breath).

Vanquished Creatures
  Pikel (D:6)
  A water moccasin (D:6)
  Edmund (D:5)
  A sky beast (D:6)
  An ice beast (D:6)
  2 black bears
  An ogre (D:6)
  A centaur (D:6)
  2 lemures (D:6)
  6 scorpions (D:5)
  A howler monkey (D:5)
  A hound (D:5)
  2 jellies (D:5)
  A gnoll shaman (D:5)
  3 iguanas
  Robin (D:4)
  3 gnolls (D:5)
  10 adders
  An adder skeleton (D:3)
  A dart slug (D:3)
  12 orcs
  12 bats
  2 endoplasms
  13 goblins
  5 hobgoblins
  2 quokkas
  2 ball pythons (D:1)
  3 kobolds
  6 rats
98 creatures vanquished.

Vanquished Creatures (others)
  7 fulminant prisms
  10 fungi (D:5)
17 creatures vanquished.

Grand Total: 115 creatures vanquished

Notes
Turn   | Place    | Note
-------+----------+-------------------------------------------
     0 | D:1      | porpoise the Deep Elf Conjurer began the quest for the Orb.
     0 | D:1      | Reached XP level 1. HP: 10/10 MP: 6/6
   377 | D:1      | Reached XP level 2. HP: 15/15 MP: 3/8
   593 | D:1      | Found a faded altar of an unknown god.
   847 | D:2      | Noticed Sigmund
  1188 | D:3      | Learned a level 2 spell: Searing Ray
  1234 | D:3      | Reached skill level 4 in Spellcasting
  1234 | D:3      | Reached skill level 5 in Conjurations
  1234 | D:3      | Reached XP level 3. HP: 19/19 MP: 6/10
  1499 | D:3      | Reached XP level 4. HP: 24/24 MP: 8/12
  1874 | D:3      | Learned a level 4 spell: Fulminant Prism
  1879 | D:3      | Learned a level 4 spell: Iskenderun's Mystic Blast
  1946 | D:3      | Reached skill level 5 in Spellcasting
  1946 | D:3      | Reached skill level 1 in Hexes
  2267 | D:4      | Found Nepe's Magic Scroll Shop.
  2298 | D:4      | Bought a scroll of fog for 24 gold pieces
  2298 | D:4      | Bought a scroll of teleportation for 36 gold pieces
  2353 | D:4      | Found Ximiqihi's Jewellery Emporium.
  2394 | D:4      | Noticed Robin
  2400 | D:4      | Killed Robin
  2451 | D:4      | Reached XP level 5. HP: 13/28 MP: 2/14
  2758 | D:4      | Found Xizounlak's Weapon Emporium.
  2886 | D:4      | Found Sexzipni's Jewellery Boutique.
  3000 | D:4      | Noticed Dowan
  3045 | D:5      | Entered Level 5 of the Dungeon
  3045 | D:5      | Noticed a black bear
  3149 | D:5      | Found a burning altar of Makhleb.
  3205 | D:5      | Reached skill level 6 in Spellcasting
  3206 | D:5      | Killed a black bear
  3207 | D:5      | Reached XP level 6. HP: 32/32 MP: 4/17
  3290 | D:5      | Identified the +0 robe of Pysuitex {rElec Int+5}
  3460 | D:5      | Reached skill level 7 in Spellcasting
  3460 | D:5      | Reached skill level 5 in Hexes
  3877 | D:5      | Reached XP level 7. HP: 36/36 MP: 13/19
  4041 | D:5      | Reached skill level 1 in Translocations
  4152 | D:5      | Found the +7 Singing Sword {vorpal, sonic wave}
  4412 | D:5      | Noticed Edmund
  4419 | D:5      | Killed Edmund
  5044 | D:6      | Reached XP level 8. HP: 41/41 MP: 11/20
  5385 | D:6      | Reached skill level 5 in Translocations
  5534 | D:6      | Noticed Pikel
  5541 | D:6      | Killed Pikel
  5542 | D:6      | Reached skill level 8 in Spellcasting
  5753 | D:6      | Reached skill level 9 in Spellcasting
  5873 | D:6      | Reached XP level 9. HP: 50/50 MP: 19/24
  5912 | D:6      | Engulfed by a steam dragon's steam

Illustrated notes

Levels and vault maps discovered:
D:1:      kennysheep_arrival_forest, layout_loops_cross,
          hellmonk_ecumenical_altar_crossroads
D:2:      layout_loops_corners, uniq_sigmund
D:3:      layout_basic
D:4:      layout_loops_ring, serial_shops, shop, nicolae_shop_hallway_stairs,
          shop_fountains, nicolae_shop_advertising_works
          [nicolae_subvault_shop_adworks], uniq_duvessa, uniq_robin
D:5:      old_forge, layout_basic, makhleb_blood_cavern_becter, uniq_edmund
D:6:      layout_basic, uniq_pikel

Skill      XL: |  1  2  3  4  5  6  7  8 |
---------------+-------------------------+-----
Spellcasting   | 4 5 6 7 9 |  9.2
Conjurations   | 5 6 7 |  7.0
Hexes          | 2 4 6 7 |  7.0
Translocations | 3 5 |  5.0
Fighting       | 3 |  3.0
Dodging        | |  2.4
Stealth        | |  2.4

Action                   |  1- 3 |  4- 6 |  7- 9 || total
-------------------------+-------+-------+-------++-------
 Fire: Hunting sling     |     7 |    15 |    27 ||    49
 Cast: Magic Dart        |    33 |    17 |     3 ||    53
       Searing Ray       |     4 |    23 |    25 ||    52
       Fulminant Prism   |       |     1 |     6 ||     7
       Iskenderun's Myst |       |       |     4 ||     4
  Use: Scroll            |       |     5 |     1 ||     6
Armor: Robe              |       |     4 |     1 ||     5
Dodge: Dodged            |       |    10 |    13 ||    23

Table legend: (Time is in decaauts)
 A = Elapsed time spent in this place.
 B = Non-inter-level travel time spent in this place.
 C = Inter-level travel time spent in this place.
 D = Time resting spent in this place.
 E = Time spent auto-exploring this place.
 F = Levels seen in this place.
 G = Mean time per level.
                   A        B        C        D        E       F      G
               +--------+--------+--------+--------+--------+-----+--------+
         Total |   5921 |   5754 |    167 |   2010 |   2825 |   6 |  986.8 |
       Dungeon |   5921 |   5754 |    167 |   2010 |   2825 |   6 |  986.8 |
               +--------+--------+--------+--------+--------+-----+--------+

Top non-repeatable levels by time:
     D:5: 1896 daAuts
     D:3: 1224 daAuts
     D:4: 922 daAuts
     D:6: 901 daAuts
     D:1: 857 daAuts
     D:2: 118 daAuts
